 Dungeon Crawl Stone Soup version 0.19-a0-1834-g6b7851e (webtiles) character file.

329 KarmaPolice the Ducker (level 6, -7/48 HPs)
             Began as a Vampire Gladiator on Oct 8, 2016.
             Mangled by a killer bee (8 damage)
             ... on level 3 of the Dungeon.
             The game lasted 00:08:11 (3885 turns).

KarmaPolice the Ducker (Vampire Gladiator)          Turns: 3885, Time: 00:08:11

Health: -7/48      AC:  0    Str: 15    XL:     6   Next: 25%
Magic:  5/6        EV: 19    Int: 11    God:
Gold:   141        SH:  0    Dex: 20    Spells: 0 memorised, 5 levels left

rFire  . . .     SeeInvis +     (weapon currently unavailable)
rCold  + + .     Gourm    .     (armour currently unavailable)
rNeg   + + +     Faith    .     (shield currently unavailable)
rPois  ∞         Spirit   .     (helmet currently unavailable)
rElec  .         Dismiss  +     (cloak currently unavailable)
rCorr  .         Reflect  .     (gloves currently unavailable)
MR     .....     Harm     .     (boots currently unavailable)
Stlth  ++++......               w - amulet of dismissal
                                (ring currently unavailable)
                                (ring currently unavailable)

@: lethally poisoned (-7 -> -7), bat-form, flying, very slightly contaminated,
bloodless, non-regenerating, very quick
A: fangs 3, see invisible, high mp 1, (unbreathing)
a: End Transformation


You were on level 3 of the Dungeon.
You were bloodless.
You were in vampire-bat-form.
You visited 1 branch of the dungeon, and saw 3 of its levels.

You collected 141 gold pieces.

Inventory:

Hand Weapons
 a - a +0 long sword (melded)
Missiles
 d - 3 throwing nets (quivered)
Armour
 b - a +0 leather armour (melded)
 c - a +0 helmet
 u - a +0 pair of gloves (melded)
Jewellery
 f - a +5 amulet of reflection
 w - an amulet of dismissal (around neck)
Scrolls
 h - a scroll of magic mapping
Potions
 e - 2 potions of blood
 g - a potion of cancellation
 k - a potion of mutation
 s - a potion of brilliance


   Skills:
 + Level 3.7 Fighting
 + Level 4.8 Long Blades
 - Level 1.5 Throwing
 + Level 5.1 Dodging


You had 5 spell levels left.
You didn't know any spells.

Dungeon Overview and Level Annotations

Branches:
Dungeon (3/15)

Altars:


Innate Abilities, Weirdness & Mutations

You do not heal naturally.
You are immune to poison.
You have razor-sharp teeth.
You have supernaturally acute eyesight. (SInv)
((You can survive without breathing.))
You have an increased reservoir of magic. (+10% MP)


Message History

Your +0 long sword melds into your body.
Your +0 pair of gloves melds into your body.
Your +0 leather armour melds into your body.
Unknown command.
Found a stone staircase leading down.
Okay, then.
As you read the scroll labeled OHAIMOETEA, it crumbles to dust.
It is a scroll of identify.
w - an uncursed amulet of dismissal The killer bee completely misses you.
You block the killer bee's attack.
Put on which piece of jewellery? (? for menu, Esc to quit)
You remove your +5 amulet of reflection.
The killer bee misses you. The world spins around you!
w - an amulet of dismissal (around neck)
The killer bee completely misses you.
There is a stone staircase leading down here.
You can't do that in your present form.
The killer bee stings you!
You die...

*** #########******,*
#........,,,,,,,*
####.#######******,*
#...........,,,,,*,* ***
#.##.######..##*,*,*****,*
#.##...........,,*,,,,,,,*
##....##################*,*
.....(.......>.yb......#*,*
#####.#######.########.#*,*
# #.# #.#,,,,,,,,,,,*
#####.# ****#.#,,,,,,*,****
....#.# *,,,..#*****,*,*
###.#.# *,**###*****,*,*
#.#.# *,* *,,,,,,,,*,*
#.#.# *,* *,********,*
#.#.# *,* *,********,*


You could see a killer bee.

Vanquished Creatures
  5 killer bees
  4 adders
  An ooze (D:1)
  A worm (D:3)
  2 dart slugs (D:1)
  2 leopard geckos
  An orc (D:3)
  3 ball pythons (D:3)
  5 bats
  13 goblins
  11 hobgoblins
  A quokka (D:2)
  3 frilled lizards
  3 kobolds
  2 rats
57 creatures vanquished.

Notes
Turn   | Place    | Note
-------+----------+-------------------------------------------
     0 | D:1      | KarmaPolice the Vampire Gladiator began the quest for the Orb.
     0 | D:1      | Reached XP level 1. HP: 16/16 MP: 1/1
    67 | D:1      | Reached XP level 2. HP: 17/22 MP: 2/2
   758 | D:2      | Reached XP level 3. HP: 28/28 MP: 3/3
   966 | D:2      | Reached skill level 4 in Dodging
  1050 | D:2      | Reached XP level 4. HP: 32/34 MP: 4/4
  2370 | D:3      | Reached XP level 5. HP: 23/41 MP: 5/5
  2392 | D:2      | Gained mutation: You have a pair of small horns on your head. [potion of mutation]
  2392 | D:2      | Gained mutation: You have an increased reservoir of magic. (+10% MP) [potion of mutation]
  2392 | D:2      | Gained mutation: You can translocate small distances at will. [potion of mutation]
  3415 | D:3      | Reached skill level 5 in Dodging
  3415 | D:3      | Reached XP level 6. HP: 27/47 MP: 6/6
  3846 | D:3      | Lost mutation: You have a pair of small horns on your head. [potion of cure mutation]
  3846 | D:3      | Lost mutation: You can translocate small distances at will. [potion of cure mutation]
  3860 | D:3      | HP: 1/48 [killer bee (5)]
  3885 | D:3      | Mangled by a killer bee

Vault maps used:
D:1:      dpeg_arrival_rooms_c, minmay_misc_feat_more_columns
D:2:      first_bread

Skill      XL: |  1  2  3  4  5 |
---------------+----------------+-----
Fighting       | 2 3 |  3.7
Dodging        | 4 5 |  5.1
Long Blades    | 4 |  4.8
Throwing       | |  1.5

Action                   |  1- 3 |  4- 6 || total
-------------------------+-------+-------++-------
Melee: Long sword        |    76 |    95 ||   171
       Bite              |     7 |     8 ||    15
       Headbutt          |       |    12 ||    12
 Abil: Bat Form          |       |     1 ||     1
  Use: Potion            |       |    13 ||    13
       Scroll            |       |     5 ||     5
 Stab: Distracted        |     1 |       ||     1
       Sleeping          |     1 |     1 ||     2
  Eat: Corpse            |       |     2 ||     2
Armor: Leather armour    |    10 |    20 ||    30
Dodge: Dodged            |    48 |   110 ||   158
Block: Other             |    10 |    42 ||    52
       Reflection        |       |     1 ||     1
       Rpst.: Long sword |    14 |    34 ||    48
